PBL
MINNESOTA TWINS @ DETROIT TIGERS
07/26/2071
 
TOP OF THE 1ST
Minnesota Twins batting - Pitching for Detroit Tigers : LHP Frederik Lambert
Pitching: LHP Frederik Lambert
Batting: LHB Leandro Vargo 0-0: Foul Ball, location: 3SF
0-1: SINGLE (Groundball, 4MD, EV 101.3 MPH) (infield hit)
Batting: RHB Jamal Cervantes 0-0: SINGLE (Flyball, 5D, EV 93.8 MPH)
Leandro Vargo to second
Batting: LHB Geoffrey Foster 0-0: Fielders Choice at 2nd, 3-6 (Groundball, 34S, EV 79.4 MPH)
Leandro Vargo to third
Batting: RHB Rafael Negrete 0-0: Called Strike
0-1: Grounds into double play, 6-4-3 (Groundball, 6, EV 93.8 MPH)
Top of the 1st over - 0 runs, 2 hits, 0 errors, 1 left on base; Minnesota 0 - Detroit 0
BOTTOM OF THE 1ST
Detroit Tigers batting - Pitching for Minnesota Twins : RHP Shane Sandoval
Pitching: RHP Shane Sandoval
Batting: SHB Jorge Morán 0-0: Ball
1-0: Swinging Strike
1-1: Ball
2-1: SINGLE (Groundball, 4D, EV 110.6 MPH)
Batting: RHB David Fisher 0-0: Ball
1-0: Called Strike
1-1: Swinging Strike
1-2: Foul Ball, location: 9LSFF
1-2: Ball
2-2: Strikes out swinging
Batting: LHB Jorge Fernández 0-0: Called Strike
0-1: Foul Ball, location: 5SF
0-2: Ball
1-2: Ball
2-2: Foul Ball, location: 7LMF
2-2: Foul Ball, location: 3F
2-2: Foul Ball, location: 3FF
2-2: Foul Ball, location: 2F
2-2: Fly out, F3 (Popup, 23F, EV 75.6 MPH)
Batting: RHB Luis Martínez 0-0: Called Strike
0-1: Ball
1-1: Swinging Strike
1-2: Strikes out swinging
Bottom of the 1st over - 0 runs, 1 hit, 0 errors, 1 left on base; Minnesota 0 - Detroit 0
TOP OF THE 2ND
Minnesota Twins batting - Pitching for Detroit Tigers : LHP Frederik Lambert
Batting: RHB Michael Crouss 0-0: Ball
1-0: Foul Ball, location: 9LSF
1-1: Swinging Strike
1-2: Ball
2-2: Strikes out looking
Batting: RHB Ronald Livingston 0-0: Called Strike
0-1: Called Strike
0-2: Ball
1-2: Foul Ball, location: 25FF
1-2: Strikes out swinging
Batting: LHB Ignacio Chávez 0-0: Swinging Strike
0-1: Ball
1-1: Called Strike
1-2: Strikes out swinging
Top of the 2nd over - 0 runs, 0 hits, 0 errors, 0 left on base; Minnesota 0 - Detroit 0
BOTTOM OF THE 2ND
Detroit Tigers batting - Pitching for Minnesota Twins : RHP Shane Sandoval
Batting: LHB Masanori Ikeda 0-0: Foul Ball, location: 7LDF
0-1: Ball
1-1: Ball
2-1: Ground out 4-3 (Groundball, 4M, EV 88.8 MPH)
Batting: LHB Dong-po Xiong 0-0: Called Strike
0-1: Ball
1-1: SINGLE (Groundball, 4D, EV 101.3 MPH)
Batting: LHB Archie Wood 0-0: Fielders Choice at 2nd, 1-6 (Groundball, 34S, EV 70.0 MPH)
Batting: LHB Miguel Martínez 0-0: Ball
1-0: Ball
2-0: Called Strike
2-1: SINGLE (Groundball, 4MD, EV 105.6 MPH)
Archie Wood to second
Batting: RHB Lou Hutchinson 0-0: Ball
1-0: SINGLE (Line Drive, 4D, EV 110.6 MPH)
Archie Wood to third
Miguel Martínez to second
Batting: SHB Jorge Morán 0-0: Ground out 4-3 (Groundball, 4, EV 102.5 MPH)
Bottom of the 2nd over - 0 runs, 3 hits, 0 errors, 3 left on base; Minnesota 0 - Detroit 0
TOP OF THE 3RD
Minnesota Twins batting - Pitching for Detroit Tigers : LHP Frederik Lambert
Batting: SHB Alfredo Aguirre 0-0: Ball
1-0: Ball
2-0: Ball
3-0: Base on Balls
Batting: RHB Rafael Lorenzo 0-0: Ball
1-0: Ball
2-0: Ball
3-0: Called Strike
3-1: SINGLE (Groundball, 34, EV 109.4 MPH)
Alfredo Aguirre to second
Runner from 2nd tries for 3rd, SAFE, throw by RF made to third
Batting: LHB Leandro Vargo 0-0: Called Strike
0-1: Grounds into double play, 5-4-3 (Groundball, 5, EV 103.1 MPH)
Alfredo Aguirre scores
Batting: RHB Jamal Cervantes 0-0: Ball
1-0: Called Strike
1-1: Ball
2-1: Ball
3-1: SOLO HOME RUN (Flyball, 8LXD, EV 111.9 MPH), Distance : 448 ft
Batting: LHB Geoffrey Foster 0-0: Ball
1-0: Fly out, F7 (Flyball, 7D, EV 102.5 MPH)
Top of the 3rd over - 2 runs, 2 hits, 0 errors, 0 left on base; Minnesota 2 - Detroit 0
BOTTOM OF THE 3RD
Detroit Tigers batting - Pitching for Minnesota Twins : RHP Shane Sandoval
Batting: RHB David Fisher 0-0: Ball
1-0: Called Strike
1-1: Foul Ball, location: 23F
1-2: Foul Ball, location: 2F
1-2: Foul Ball, location: 3SF
1-2: Ball
2-2: Strikes out swinging
Batting: LHB Jorge Fernández 0-0: Called Strike
0-1: TRIPLE (Groundball, 5L, EV 106.9 MPH)
Batting: RHB Luis Martínez 0-0: Ball
1-0: Swinging Strike
1-1: SINGLE (Flyball, 56D, EV 88.8 MPH)
Jorge Fernández scores
Batting: LHB Masanori Ikeda 0-0: Called Strike
0-1: Ball
1-1: Called Strike
1-2: Foul Ball, location: 2F
1-2: Strikes out swinging
Batting: LHB Dong-po Xiong 0-0: Ball
1-0: Called Strike
1-1: Fly out, F2 (Popup, 2RF, EV 85.6 MPH)
Bottom of the 3rd over - 1 run, 2 hits, 0 errors, 1 left on base; Minnesota 2 - Detroit 1
TOP OF THE 4TH
Minnesota Twins batting - Pitching for Detroit Tigers : LHP Frederik Lambert
Batting: RHB Rafael Negrete 0-0: Ball
1-0: Ball
2-0: Ground out 5-3 (Groundball, 56S, EV 86.9 MPH)
Batting: RHB Michael Crouss 0-0: Called Strike
0-1: Ball
1-1: Ball
2-1: Ball
3-1: Foul Ball, location: 7LSF
3-2: Base on Balls
Batting: RHB Ronald Livingston 0-0: Swinging Strike
0-1: Foul Ball, location: 25F
0-2: Ball
1-2: Ball
2-2: DOUBLE (Line Drive, 89D, EV 103.8 MPH)
Michael Crouss to third
Runner from 3rd tries for Home, SAFE, throw by RF to trailing runner, SAFE at third!
Batting: LHB Ignacio Chávez 0-0: Ball
1-0: Called Strike
1-1: Foul Ball, location: 2F
1-2: Ball
2-2: Ball
3-2: Fly out, F9 (Flyball, 9LD, EV 110.6 MPH)
Runner from 3rd tags up, SCORES, no throw by RF
Batting: SHB Alfredo Aguirre 0-0: Foul Ball, location: 2F
0-1: Swinging Strike
0-2: Ball
1-2: Fly out, F3 (Popup, 34, EV 77.5 MPH)
Top of the 4th over - 2 runs, 1 hit, 0 errors, 0 left on base; Minnesota 4 - Detroit 1
BOTTOM OF THE 4TH
Detroit Tigers batting - Pitching for Minnesota Twins : RHP Shane Sandoval
Batting: LHB Archie Wood 0-0: Ball
1-0: Ball
2-0: Foul Ball, location: 7LMF
2-1: SINGLE (Line Drive, 8RS, EV 108.8 MPH)
Batting: LHB Miguel Martínez 0-0: Swinging Strike
0-1: Fielders Choice at 2nd, 3-6 (Groundball, 3, EV 105.6 MPH)
Batting: RHB Lou Hutchinson 0-0: Called Strike
0-1: SINGLE (Line Drive, 6D, EV 93.8 MPH)
Miguel Martínez to second
Batting: SHB Jorge Morán 0-0: Ball
1-0: Ball
2-0: Fly out, F5 (Popup, 56, EV 56.9 MPH)
Batting: RHB David Fisher 0-0: Ball
1-0: Called Strike
1-1: Ball
2-1: Fly out, F9 (Flyball, 89M, EV 86.3 MPH)
Bottom of the 4th over - 0 runs, 2 hits, 0 errors, 2 left on base; Minnesota 4 - Detroit 1
TOP OF THE 5TH
Minnesota Twins batting - Pitching for Detroit Tigers : LHP Frederik Lambert
Batting: RHB Rafael Lorenzo 0-0: Called Strike
0-1: Ball
1-1: DOUBLE (Flyball, 8LD, EV 109.4 MPH)
Batting: LHB Leandro Vargo 0-0: Fly out, F8 (Flyball, 8LD, EV 101.3 MPH)
Batting: RHB Jamal Cervantes 0-0: SINGLE (Groundball, 15S, EV 73.8 MPH) (infield hit)
Rafael Lorenzo to third
Batting: LHB Geoffrey Foster 0-0: Ball
1-0: Ball
2-0: Called Strike
2-1: Ball
3-1: Swinging Strike
3-2: Foul Ball, location: 23FF
3-2: Base on Balls
Jamal Cervantes to second
Batting: RHB Rafael Negrete 0-0: GRAND SLAM HOME RUN (Flyball, 7LD, EV 96.9 MPH), Distance : 360 ft
Pitching: RHP José López
Batting: RHB Michael Crouss 0-0: Fly out, F9 (Flyball, 9, EV 79.4 MPH)
Batting: RHB Ronald Livingston 0-0: Ball
1-0: Foul Ball, location: 2F
1-1: SINGLE (Groundball, 34D, EV 98.8 MPH)
Batting: LHB Ignacio Chávez 0-0: Foul Ball, location: 23FF
0-1: Called Strike
0-2: Ball
1-2: Ball
2-2: Ball
3-2: Base on Balls
Ronald Livingston to second
Batting: SHB Alfredo Aguirre 0-0: Called Strike
0-1: Ball
1-1: Foul Ball, location: 2F
1-2: Ball
2-2: Ball
3-2: Foul Ball, location: 2F
3-2: Foul Ball, location: 2F
3-2: Strikes out swinging
Top of the 5th over - 4 runs, 4 hits, 0 errors, 2 left on base; Minnesota 8 - Detroit 1
BOTTOM OF THE 5TH
Detroit Tigers batting - Pitching for Minnesota Twins : RHP Shane Sandoval
Batting: LHB Jorge Fernández 0-0: Ball
1-0: Ball
2-0: Called Strike
2-1: Ball
3-1: Ground out 1-3 (Groundball, 25, EV 68.8 MPH)
Batting: RHB Luis Martínez 0-0: Ball
1-0: Swinging Strike
1-1: Swinging Strike
1-2: Ball
2-2: Strikes out swinging
Batting: LHB Masanori Ikeda 0-0: Foul Ball, location: 9LDF
0-1: Swinging Strike
0-2: SINGLE (Line Drive, 78S, EV 100.6 MPH)
Batting: LHB Dong-po Xiong 0-0: Hit by Pitch
Masanori Ikeda to second
Batting: LHB Archie Wood 0-0: Called Strike
0-1: Foul Ball, location: 2F
0-2: Ball
1-2: Foul Ball, location: 7LDF
1-2: Foul Ball, location: 3F
1-2: Foul Ball, location: 5F
1-2: Fielders Choice at 2nd, 6-4 (Groundball, 6, EV 84.4 MPH)
Bottom of the 5th over - 0 runs, 1 hit, 0 errors, 2 left on base; Minnesota 8 - Detroit 1
TOP OF THE 6TH
Minnesota Twins batting - Pitching for Detroit Tigers : RHP José López
Batting: RHB Rafael Lorenzo 0-0: Ball
1-0: Swinging Strike
1-1: Ball
2-1: Ground out 4-3 (Groundball, 4M, EV 105.0 MPH)
Batting: LHB Leandro Vargo 0-0: Ball
1-0: Called Strike
1-1: Called Strike
1-2: Foul Ball, location: 23FF
1-2: Strikes out looking
Batting: RHB Jamal Cervantes 0-0: Ball
1-0: Foul Ball, location: 5F
1-1: Swinging Strike
1-2: Ball
2-2: Ground out 6-3 (Groundball, 56, EV 87.5 MPH)
Top of the 6th over - 0 runs, 0 hits, 0 errors, 0 left on base; Minnesota 8 - Detroit 1
BOTTOM OF THE 6TH
Detroit Tigers batting - Pitching for Minnesota Twins : RHP Shane Sandoval
Pitching: RHP Feltse Boon
Batting: LHB Miguel Martínez 0-0: Ball
1-0: Called Strike
1-1: Called Strike
1-2: Strikes out looking
Batting: RHB Lou Hutchinson 0-0: Ball
1-0: Called Strike
1-1: Ball
2-1: Swinging Strike
2-2: Ball
3-2: Fly out, F8 (Flyball, 8RM, EV 91.3 MPH)
Batting: SHB Jorge Morán 0-0: Called Strike
0-1: Ball
1-1: Foul Ball, location: 7LMF
1-2: Strikes out swinging, 2-3 out at first.
Bottom of the 6th over - 0 runs, 0 hits, 0 errors, 0 left on base; Minnesota 8 - Detroit 1
TOP OF THE 7TH
Minnesota Twins batting - Pitching for Detroit Tigers : RHP José López
Batting: LHB Geoffrey Foster 0-0: Ball
1-0: Ground out 4-3 (Groundball, 4MD, EV 96.9 MPH)
Batting: RHB Rafael Negrete 0-0: Ball
1-0: SINGLE (Groundball, 4MD, EV 105.0 MPH)
Pitching: RHP Arturo Perales
Batting: RHB Michael Crouss 0-0: Fly out, F4 (Popup, 4, EV 68.8 MPH)
Batting: RHB Ronald Livingston 0-0: Ball
1-0: Called Strike
1-1: Foul Ball, location: 7LDF
1-2: Strikes out swinging
Top of the 7th over - 0 runs, 1 hit, 0 errors, 1 left on base; Minnesota 8 - Detroit 1
BOTTOM OF THE 7TH
Detroit Tigers batting - Pitching for Minnesota Twins : RHP Feltse Boon
Batting: RHB David Fisher 0-0: Ball
1-0: Ball
2-0: Ball
3-0: Base on Balls
Batting: LHB Jorge Fernández 0-0: Foul Ball, location: 2LF
0-1: Swinging Strike
0-2: Foul Ball, location: 5FF
0-2: Hit by Pitch
David Fisher to second
Batting: RHB Luis Martínez 0-0: Called Strike
0-1: Called Strike
0-2: Ball
1-2: Foul Ball, location: 5DF
1-2: DOUBLE (Line Drive, 5D, EV 95.6 MPH)
David Fisher scores
Jorge Fernández to third
Batting: LHB Masanori Ikeda 0-0: Ball
1-0: Ball
2-0: Fly out, F9 (Flyball, 89S, EV 103.1 MPH)
Batting: LHB Dong-po Xiong 0-0: Called Strike
0-1: Swinging Strike
0-2: Ball
1-2: Ground out 6-3 (Groundball, 4M, EV 85.0 MPH)
Batting: LHB Archie Wood 0-0: Fly out, F8 (Flyball, 8RXD, EV 102.5 MPH)
Bottom of the 7th over - 1 run, 1 hit, 0 errors, 2 left on base; Minnesota 8 - Detroit 2
TOP OF THE 8TH
Minnesota Twins batting - Pitching for Detroit Tigers : RHP Arturo Perales
Batting: LHB Ignacio Chávez 0-0: Foul Ball, location: 25F
0-1: Ball
1-1: Ball
2-1: Fly out, F8 (Flyball, 8LD, EV 101.3 MPH)
Batting: SHB Alfredo Aguirre 0-0: Fly out, F4 (Popup, 34S, EV 67.5 MPH)
Batting: RHB Rafael Lorenzo 0-0: Ground out 6-3 (Groundball, 6, EV 85.6 MPH)
Top of the 8th over - 0 runs, 0 hits, 0 errors, 0 left on base; Minnesota 8 - Detroit 2
BOTTOM OF THE 8TH
Detroit Tigers batting - Pitching for Minnesota Twins : RHP Feltse Boon
Pitching: RHP Dave House
Batting: LHB Miguel Martínez 0-0: Ball
1-0: Ball
2-0: Fly out, F8 (Flyball, 8LM, EV 90.6 MPH)
Batting: RHB Lou Hutchinson 0-0: Ball
1-0: Ball
2-0: Foul Ball, location: 9LSF
2-1: Ground out 4-3 (Groundball, 4, EV 85.6 MPH)
Batting: SHB Jorge Morán 0-0: Ball
1-0: Ground out 6-3 (Groundball, 56D, EV 108.1 MPH)
Bottom of the 8th over - 0 runs, 0 hits, 0 errors, 0 left on base; Minnesota 8 - Detroit 2
TOP OF THE 9TH
Minnesota Twins batting - Pitching for Detroit Tigers : RHP Arturo Perales
Batting: LHB Leandro Vargo 0-0: Ball
1-0: Called Strike
1-1: Swinging Strike
1-2: Ball
2-2: Foul Ball, location: 2F
2-2: Ball
3-2: SINGLE (Line Drive, 9S, EV 96.9 MPH)
Batting: RHB Jamal Cervantes 0-0: Called Strike
0-1: Foul Ball, location: 2F
0-2: Ball
1-2: Strikes out swinging
Batting: LHB Geoffrey Foster 0-0: Ball
1-0: Called Strike
Pickoff Throw to First - Error! E1
Leandro Vargo to second
1-1: Ball
2-1: Foul Ball, location: 2F
2-2: Strikes out swinging
Pitching: RHP Tomás Gonzáles
Batting: RHB Rafael Negrete 0-0: Called Strike
0-1: SINGLE (Groundball, 15, EV 70.0 MPH) (infield hit)
Leandro Vargo to third
Batting: RHB Michael Crouss 0-0: Ball
1-0: Swinging Strike
1-1: Called Strike
1-2: Ball
2-2: Strikes out swinging
Top of the 9th over - 0 runs, 2 hits, 1 error, 2 left on base; Minnesota 8 - Detroit 2
BOTTOM OF THE 9TH
Detroit Tigers batting - Pitching for Minnesota Twins : RHP Dave House
Batting: RHB David Fisher 0-0: Ball
1-0: Ball
2-0: Called Strike
2-1: Foul Ball, location: 23F
2-2: Ball
3-2: Strikes out swinging
Batting: LHB Jorge Fernández 0-0: Ball
1-0: Swinging Strike
1-1: Ball
2-1: Foul Ball, location: 2F
2-2: Strikes out swinging
Batting: RHB Luis Martínez 0-0: Ball
1-0: SOLO HOME RUN (Flyball, 9D, EV 100.0 MPH), Distance : 378 ft
Batting: LHB Masanori Ikeda 0-0: Foul Ball, location: 7LMF
0-1: Ball
1-1: Foul Ball, location: 3SF
1-2: Ball
2-2: Ball
3-2: Foul Ball, location: 5F
3-2: Fly out, F2 (Popup, 25F, EV 75.0 MPH)
Bottom of the 9th over - 1 run, 1 hit, 0 errors, 0 left on base; Minnesota 8 - Detroit 3
Thursday, May 2nd , 2024 - OOTP Baseball 24.10 Build 82